 Dungeon Crawl Stone Soup version 0.30-a0-358-g0d69a1922f (webtiles) character file.

Game seed: 17702195134959192093

835 HoaS the Skirmisher (level 8, 0/39 (44) HPs)
             Began as a Kobold Hunter on Nov 9, 2022.
             Slain by a wight
             ... wielding a +0 falchion
              (2 damage)
             ... on level 4 of the Dungeon.
             The game lasted 00:08:55 (3939 turns).

HoaS the Skirmisher (Kobold Hunter)                 Turns: 3939, Time: 00:08:55

HP:   0/39 (44)     AC: 14    Str:  9    XL:     8   Next: 19%
MP:   8/8           EV: 13    Int: 12    God:
Gold: 188           SH:  0    Dex: 20    Spells: 7/7 levels left

rFire   . . .      SeeInvis .    a - +0 shortbow
rCold   . . .      Faith    .    (shield currently unavailable)
rNeg    . . .      Spirit   .    i - +5 ring mail of Idealism {Int+2}
rPois   .          Reflect  .    (no helmet)
rElec   .          Harm     .    d - +2 cloak
rCorr   +          Rampage  .    (no gloves)
Will    .....                    m - +0 pair of boots
Stlth   ++........               (no amulet)
HPRegen 0.26/turn                g - ring of resist corrosion
MPRegen 0.11/turn                (no ring)

@: heavily drained
A: small, no large weapons, nightstalker 3
a: no special abilities


You were on level 4 of the Dungeon.
You visited 1 branch of the dungeon, and saw 5 of its levels.
You also visited: Sewer.

You collected 188 gold pieces.

Inventory:

Hand Weapons
 a - a +0 shortbow (weapon)
Missiles
 q - 2 throwing nets
Armour
 d - a +2 cloak (worn)
 i - the +5 ring mail of Idealism (worn) {Int+2}
   (You found it on level 2 of the Dungeon)

   Int:       It affects your intelligence (+2).
 m - a +0 pair of boots (worn)
Jewellery
 g - a ring of resist corrosion (left hand)
Wands
 c - a wand of flame (12)
Scrolls
 b - a scroll of immolation
 e - a scroll of fear
 f - a scroll of blinking
 l - a scroll of fog
 p - a scroll of poison {unknown}
 r - a scroll of identify
 s - a scroll of magic mapping
Potions
 h - 3 potions of flight
 j - 4 potions of curing
 k - 2 potions of heal wounds {unknown}
 n - a potion of ambrosia {unknown}
 o - a potion of berserk rage {unknown}


   Skills:
 - Level 2.1 Fighting
 * Level 12.4 Ranged Weapons
 - Level 2.4 Dodging
 - Level 1.3 Stealth


You had 7 spell levels left.
You didn't know any spells.
Your spell library contained the following spells:

 Spells                   Type           Power      Damage    Failure   Level
 Apportation              Tloc           0%         N/A       67%         1
 Alistair's Intoxication  Tmut/Pois      0%         N/A       100%        5


Dungeon Overview and Level Annotations

Branches:
Dungeon (5/15)             Temple (0/1) D:5           Sewer (visited)

Altars:

Shops:
D:2 [   D:4 =


Innate Abilities, Weirdness & Mutations

You are small and have problems with some larger weapons.
You are completely attuned to the shadows.


Message History

The wight hits you but does no damage.
You shoot an arrow. The arrow hits the wight.
The wight is lightly damaged.
The wight hits you with a +0 falchion.
You feel drained.
You shoot an arrow. The arrow closely misses the wight.
The wight hits you with a +0 falchion.
You shoot an arrow.
The arrow hits the wight but does no damage.
The wight is lightly damaged.
The wight hits you but does no damage.
You shoot an arrow. The arrow hits the wight.
The wight is moderately damaged.
The wight barely misses you.
You shoot an arrow. The arrow hits the wight!
The wight is severely damaged.
The wight hits you with a +0 falchion!
You are too injured to fight recklessly!
You shoot an arrow. The arrow closely misses the wight.
The wight hits you but does no damage.
You shoot an arrow. The arrow closely misses the wight.
The wight barely misses you.
You shoot an arrow.
The arrow hits the wight but does no damage.
The wight is severely damaged.
The wight hits you with a +0 falchion.
You feel drained.
You shoot an arrow.
The arrow hits the wight but does no damage.
The wight is severely damaged.
The wight hits you with a +0 falchion!
* * * LOW HITPOINT WARNING * * *
You shoot an arrow. The arrow hits the wight.
The wight is severely damaged.
The wight barely misses you.
You shoot an arrow.
The arrow hits the wight but does no damage.
The wight is severely damaged.
The wight hits you with a +0 falchion.
* * * LOW HITPOINT WARNING * * *
You feel drained.
You die...

...........#
#........PP.##.# #.#
#..........#
#....<..P≈§.##.###.#
##.#.#######
#........≈§§.......#
.#....#
#.###....P§..#######
##.#.#########.###..#######
##.#................#
#.#.#########.###.##
#.....#######.###.#
##.....##......z@..#
..........####.#####
##.....##......#
#.....##.###### #########.#
...# #.# ##.# #.#
#.######.# #.<......#


You could see a wight.

Vanquished Creatures
  A water moccasin (D:5)
  An ice beast (D:3)
  A phantom (D:5)
  A kobold brigand (Sewer)
  A necrophage (D:4)
  2 scorpions (D:4)
  A hound (D:4)
  A gnoll bouda (D:5)
  An iguana (D:3)
  8 gnolls
  2 river rats (Sewer)
  4 adders
  A shadow imp (D:4)
  A white imp (D:4)
  An ufetubus (D:5)
  A dart slug (D:5)
  3 orcs (D:4)
  5 endoplasms
  2 giant cockroaches
  2 goblins
  8 hobgoblins
  5 jackals
  14 kobolds
  3 quokkas
  7 ball pythons
  4 bats
  2 frilled lizards (D:1)
  9 rats
92 creatures vanquished.

Notes
Turn   | Place    | Note
-------+----------+-------------------------------------------
     0 | D:1      | HoaS the Kobold Hunter began the quest for the Orb.
     0 | D:1      | Reached XP level 1. HP: 12/12 MP: 1/1
   480 | D:1      | Reached XP level 2. HP: 17/17 MP: 2/2
   484 | D:1      | Reached skill level 6 in Ranged Weapons
   876 | D:2      | Reached XP level 3. HP: 21/21 MP: 3/3
   881 | D:2      | Found a faded altar of an unknown god.
   915 | D:2      | Identified the +5 ring mail of Idealism {Int+2}
  1054 | D:2      | Found Gacillov's Armour Shop.
  1166 | D:2      | Reached skill level 7 in Ranged Weapons
  1166 | D:2      | Reached XP level 4. HP: 26/26 MP: 4/4
  1785 | D:3      | Noticed an ice beast
  1939 | D:4      | Found Nuevumoc's Jewellery Shop.
  1947 | D:4      | Reached XP level 5. HP: 30/30 MP: 5/5
  1970 | D:4      | Reached skill level 8 in Ranged Weapons
  2060 | D:4      | Reached skill level 9 in Ranged Weapons
  2060 | D:4      | Reached XP level 6. HP: 35/35 MP: 6/6
  2363 | D:3      | Reached skill level 10 in Ranged Weapons
  2862 | D:3      | Killed an ice beast
  2863 | D:3      | Reached XP level 7. HP: 24/40 MP: 7/7
  3037 | D:5      | Entered Level 5 of the Dungeon
  3084 | D:5      | Found a glowing drain.
  3090 | Sewer    | Entered a sewer
  3191 | Sewer    | Reached skill level 11 in Ranged Weapons
  3238 | Sewer    | Found a white marble altar of Elyvilon.
  3652 | D:5      | Noticed a water moccasin
  3665 | D:5      | Killed a water moccasin
  3666 | D:5      | Reached skill level 12 in Ranged Weapons
  3666 | D:5      | Reached XP level 8. HP: 42/44 MP: 8/8
  3939 | D:4      | HP: 2/41 [wight/+0 falchion (6)]
  3939 | D:4      | Slain by a wight

Illustrated notes

Levels and vault maps discovered:
D:1:      co_arrival_square_in_a_square_in_a_square, layout_basic
D:2:      layout_loops_ring, hellmonk_ecumenical_altar_dog_temple, serial_shops,
          nicolae_shop_waterfront, minmay_tetromino_o4
D:3:      layout_rooms
D:4:      layout_loops_ring, serial_demonic, serial_demonic_g, serial_demonic_e,
          serial_demonic_f, serial_demonic_g, nicolae_stop_n_shop_2
D:5:      layout_layer_cave, minmay_temple_entry_ruins,
          cheibrodos_sewer_entry_sluice, chequers_serial_rivers_micro_d

Skill      XL: |  1  2  3  4  5  6  7 |
---------------+----------------------+-----
Ranged Weapons | 6 7 9 10 12 | 12.4
Fighting       | |  2.1
Dodging        | |  2.4
Stealth        | |  1.3

Action                   |  1- 3 |  4- 6 |  7- 9 || total
-------------------------+-------+-------+-------++-------
 Fire: Shortbow          |    69 |   117 |   110 ||   296
  Use: Scroll            |     7 |     1 |     1 ||     9
Armor: Leather armour    |     4 |     2 |       ||     6
       Ring mail         |       |    36 |    43 ||    79
Dodge: Dodged            |    33 |    61 |    66 ||   160

Table legend: (Time is in decaauts)
 A = Elapsed time spent in this place.
 B = Non-inter-level travel time spent in this place.
 C = Inter-level travel time spent in this place.
 D = Time resting spent in this place.
 E = Time spent auto-exploring this place.
 F = Levels seen in this place.
 G = Mean time per level.
                   A        B        C        D        E       F      G
               +--------+--------+--------+--------+--------+-----+--------+
         Total |   4049 |   3932 |    117 |    345 |   2902 |   6 |  674.8 |
       Dungeon |   3685 |   3568 |    117 |    310 |   2634 |   5 |  737.0 |
         Sewer |    363 |    363 |      0 |     35 |    267 |   1 |  363.0 |
               +--------+--------+--------+--------+--------+-----+--------+

Top non-repeatable levels by time:
     D:4: 1010 daAuts
     D:2: 801 daAuts
     D:1: 788 daAuts
     D:3: 609 daAuts
     D:5: 475 daAuts
   Sewer: 363 daAuts
